[Event "Schack-SM 2023: Veteran-SM 50+"]
[Site "Helsingborg Arena, Mellersta Stenbocksgatan 14, Helsingborg, Sweden"]
[Date "2023.07.05"]
[Round "5.5"]
[White "Andersson, Bjorn 1961"]
[Black "Svensson, Hakan"]
[Result "1-0"]
[TimeControl "90 minutes for 40 moves + 30 minutes for the rest of games + 30 seconds per move from move one."]
[WhiteElo "1791"]
[BlackElo "2054"]

1. d4 d5 2. c4 e6 3. Nc3 c5 4. cxd5 exd5 5. Nf3 Nf6 6. Bg5 Be6 7. e3 c4 8. e4 dxe4 9. Nxe4 Bb4+ 10.
Nc3 Qa5 11. Bd2 Nc6 12. a3 Be7 13. Ne4 Qd5 14. Nc3 Qa5 15. Ng5 Bd5 16. Nxd5 Qxd5 17. Rc1 b5 18. Be3 Rd8 19. Nf3 O-O 20.
Be2 Ne4 21. O-O Bf6 22. a4 a6 23. axb5 axb5 24. Qc2 Nb4 25. Qb1 Ra8 26. Nd2 Nxd2 27. Bxd2 Qd6 28. Rcd1 Nd5 29. Bf3 Rac8 30.
Qe4 Rfd8 31. Ba5 Rd7 32. Rfe1 g6 33. g3 Rb8 34. Bd2 Bg7 35. h4 Nf6 36. Qf4 Rbd8 37. Bc3 Qxf4 38. gxf4 Nd5 39.
Bg4 f5 40. Bf3 b4 41. Bxd5+ Rxd5 42. Bxb4 Bxd4 43. Rc1 Rc8 44. Re2 Rd7 45. Rec2 Rdc7 46. Kg2 Kf7 47. Bd6 Rc6 48. Be5 c3 49.
bxc3 Bxe5 50. fxe5 Rc4 51. Kg3 Rg4+ 52. Kf3 Rcc4 53. h5 g5 54. Ra1 Rgf4+ 55. Kg2 Rg4+ 56. Kf1 f4 57. f3 Rh4 58.
Ra7+ Ke6 59. Rxh7 Ra4 60. Ke2 Rh2+ 61. Kd3 Rh3 62. Rh6+ Kxe5 63. Re2+ Kd5 64. Re8 Rxf3+ 65. Kc2 Rh3 66.
Rg8 Ra2+ 67. Kb3 Rg2 68. Kb4 f3 69. c4+ Kd4 70. Rd6 Ke3 71. Re8+ Kf2 72. h6 Kg1 73. Re1+ Kh2 74. c5 f2 75.
Rf1 Rf3 76. h7 Rf8 77. Rh6+ Kg3 78. h8=Q Rxh8 79. Rxh8 Rg1 80. Rh1 Kg2 81. Rfxg1+ fxg1=Q 82. Rxg1+ Kxg1 83. c6 g4 84. c7 g3 85. c8=Q g2 86.
Qg4 Kf2 87. Qf4+ Ke2 88. Qg3 Kf1 89. Qf3+ Kg1 90. Kc3 Kh2 91. Qf2 Kh1 92. Qh4+ Kg1 93. Kd2 1-0

[Event "Schack-SM 2023: Mastarklassen"]
[Site "Helsingborg Arena, Mellersta Stenbocksgatan 14, Helsingborg, Sweden"]
[Date "2023.07.04"]
[Round "4.4"]
[White "Jogstad, Daniel"]
[Black "Nilsson, Patrik 1978"]
[Result "1/2-1/2"]
[TimeControl "90 minutes for 40 moves + 30 minutes for the rest of games + 30 seconds per move from move one."]
[WhiteTitle "CM"]
[WhiteElo "2131"]
[BlackElo "2167"]

1. d4 f5 2. Nc3 Nf6 3. Bg5 d5 4. Bxf6 exf6 5. e3 Be6 6. Bd3 Qd7 7. Nge2 Nc6 8. Nf4 Bf7 9. Qf3 O-O-O 10. Nfe2 Ne7 11. h4 h5 12. a4 Kb8 13. a5 g6 14. b4 Nc8 15. b5 Nd6 16. b6 cxb6 17. axb6 a6 18. Qg3 g5 19.
O-O Rg8 20. Qh2 gxh4 21. Kh1 h3 22. gxh3 h4 23. Nf4 Ne4 24. Nb5 Bd6 25. Nxd6 Qxd6 26. Bxa6 bxa6 27. Rxa6 Nd2 28. Rfa1 Nf3 29.
Ra8+ Kb7 30. R8a7+ Kc6 31. Rc7+ Qxc7 32. bxc7 Rc8 33. Qg2 Rxg2 34. Kxg2 Nd2 35. f3 Rxc7 36. Ra6+ Kb5 37. Rxf6 Be8 38.
Rxf5 Rxc2 39. Rxd5+ Kb4 40. Rc5 Nc4+ 41. Kg1 Rc1+ 42. Kf2 Rc2+ 43. Kg1 Rc1+ 1/2-1/2

[Event "Schack-SM 2023: Mastarklassen"]
[Site "Helsingborg Arena, Mellersta Stenbocksgatan 14, Helsingborg, Sweden"]
[Date "2023.07.04"]
[Round "4.5"]
[White "Sundin, Emanuel"]
[Black "Soppela, Toni"]
[Result "0-1"]
[TimeControl "90 minutes for 40 moves + 30 minutes for the rest of games + 30 seconds per move from move one."]
[WhiteElo "2103"]
[BlackElo "2032"]

1. e4 e5 2. Nf3 Nc6 3. d4 exd4 4. Bc4 Nf6 5. e5 d5 6. Bb5 Ne4 7. Nxd4 Bd7 8. Bxc6 bxc6 9. O-O Bc5 10.
f3 Ng5 11. f4 Ne4 12. Be3 O-O 13. Nd2 f6 14. Nxe4 dxe4 15. Qe2 Qe7 16. Kh1 Kh8 17. Nb3 Bb6 18. Bd4 Bxd4 19. Nxd4 c5 20.
Nb3 Bf5 21. Qc4 Rab8 22. Nxc5 Rxb2 23.
Nb3 e3 24. Nd4 Bg4 25. Qc3 Qb4 26. Qxe3 c5 27. exf6 Qxd4 28. fxg7+ Qxg7 29. h3 Bf5 30. c3 Qxg2# 0-1

[Event "Schack-SM 2023: Mastarklassen"]
[Site "Helsingborg Arena, Mellersta Stenbocksgatan 14, Helsingborg, Sweden"]
[Date "2023.07.04"]
[Round "4.6"]
[White "Joensson, Jacob"]
[Black "Liden, Tommy"]
[Result "0-1"]
[TimeControl "90 minutes for 40 moves + 30 minutes for the rest of games + 30 seconds per move from move one."]
[WhiteElo "2039"]
[BlackElo "2107"]

1. d4 d5 2. c4 e6 3. Nf3 c6 4. Nbd2 f5 5. g3 Bd6 6. Bg2 Nd7 7. O-O Ngf6 8. b3 O-O 9. Bb2 Ne4 10.
Qc1 Qe7 11. Ne5 Nxe5 12. dxe5 Bc5 13. Nb1 b5 14. Na3 bxc4 15. bxc4 Ba6 16. Bxe4 fxe4 17. Qc3 Rab8 18. Bc1 Bb4 19.
Qb3 d4 20. Qa4 Rb6 21. Rb1 Bb7 22. Nc2 Bc5 23. Ba3 d3 24. Bxc5 Qxc5 25. exd3 Rxb1 26. Rxb1 Qxf2+ 27. Kh1 exd3 0-1

[Event "Schack-SM 2023: Mastarklassen"]
[Site "Helsingborg Arena, Mellersta Stenbocksgatan 14, Helsingborg, Sweden"]
[Date "2023.07.04"]
[Round "4.7"]
[White "Mashhadi, Peyman"]
[Black "Muntean, Victor"]
[Result "0-1"]
[TimeControl "90 minutes for 40 moves + 30 minutes for the rest of games + 30 seconds per move from move one."]
[WhiteElo "2117"]
[BlackElo "2097"]

1. e4 e5 2. Nf3 Nc6 3. Bb5 a6 4. Ba4 f5 5. d3 fxe4 6. dxe4 Nf6 7. O-O d6 8. Re1 Be6 9. Ng5 Bg8 10.
f4 Qd7 11. c3 O-O-O 12. b4 exf4 13. Bxf4 h6 14. Nf3 g5 15. Bg3 Re8 16. b5 axb5 17. Bxb5 Rxe4 18. Rxe4 Nxe4 19. Qa4 Qf5 20.
Bxc6 bxc6 21. Nd4 Qg4 22. Qa8+ Kd7 23. Qxf8 Qd1+ 24. Qf1 Qxf1+ 25. Kxf1 Bc4+ 26. Ke1 Re8 27. Kd1 Nxg3 28. hxg3 c5 29.
Nc2 Re2 30. Nd2 Ba6 31. Ne1 Re3 32. Kc2 Rxg3 33. Nef3 Rxg2 34. Rh1 Bb7 35. Rf1 h5 36. Ne1 Rg3 37. Rf7+ Kd8 38. Ndf3 Bd5 39.
Rg7 Bxf3 40. Nxf3 Rxf3 41. Rxg5 h4 42. Rh5 Rh3 43. Rh7 Kc8 44. Rg7 Rh1 45. Rh7 h3 46. c4 h2 47. Kb2 d5 48.
Ka3 dxc4 49. Ka4 c3 50. Kb5 Rb1+ 0-1

[Event "Schack-SM 2023: Junior-SM"]
[Site "Helsingborg Arena, Mellersta Stenbocksgatan 14, Helsingborg, Sweden"]
[Date "2023.07.04"]
[Round "4.1"]
[White "Falkevall, Axel"]
[Black "Persson, Sebastian 2007"]
[Result "1/2-1/2"]
[TimeControl "90 minutes for 40 moves + 30 minutes for the rest of the game + 30 seconds per move from move one."]
[WhiteTitle "FM"]
[WhiteElo "2311"]
[BlackElo "1947"]

1. e4 d6 2. d4 Nf6 3. Nc3 g6 4. h3 c6 5. f4 Nh5 6. Nf3 Ng3 7. Rg1 Nxf1 8. Rxf1 Bg7 9. Be3 b5 10.
Kf2 O-O 11. Kg1 Nd7 12. Qd2 Nf6 13. a3 a5 14. e5 Nd5 15. Nxd5 cxd5 16. Kh2 Bf5 17. g4 Be4 18. Ng5 Qc8 19.
Rf2 f5 20. Rg1 Bh6 1/2-1/2

[Event "Schack-SM 2023: Mastarklassen"]
[Site "Helsingborg Arena, Mellersta Stenbocksgatan 14, Helsingborg, Sweden"]
[Date "2023.07.04"]
[Round "4.8"]
[White "Nylen, Anders"]
[Black "Troberg Eskola, Love"]
[Result "1/2-1/2"]
[TimeControl "90 minutes for 40 moves + 30 minutes for the rest of games + 30 seconds per move from move one."]
[WhiteElo "2094"]
[BlackElo "2038"]

1. d4 d6 2. e4 Nf6 3. f3 e5 4. d5 g6 5. c4 Bg7 6. Nc3 a5 7. Bg5 Na6 8. Qd2 c6 9. Bd3 Nc5 10.
Nge2 h6 11. Be3 cxd5 12. cxd5 Nxd3+ 13. Qxd3 O-O 14. O-O Nd7 15. Nc1 f5 16. Qd2 f4 17. Bf2 h5 18. Nd3 g5 19. Nb5 Nf6 20.
Qc3 Ne8 21. Rfc1 Rf7 22. Rc2 g4 23. Kf1 h4 24. Bg1 h3 25. gxh3 gxf3 26. Nf2 Bd7 27. Na3 Rc8 28. Qxf3 Bb5+ 29.
Kg2 Rxc2 30. Nxc2 Be2 31. Qxe2 f3+ 32. Qxf3 Rxf3 33. Kxf3 Qb6 34. Nd3 Qb5 35. Nce1 Nf6 36. Be3 Qc4 37.
Nf2 a4 38. a3 Qb3 39. Ned3 Nxd5 40. exd5 Qxd5+ 41. Kg4 Qg2+ 42. Kh5 Qf3+ 43. Ng4 Qf5+ 44. Kh4 Qxd3 45. Rc1 Qf5 46. Rc7 b5 47.
Nh6+ Bxh6 48. Bxh6 e4 49. Rg7+ Kh8 50. Re7 d5 51. Bg7+ Kg8 52. Bd4 Kf8 53. Re5 Qf4+ 54. Kh5 Qxh2 55.
Kg6 Qg3+ 56. Kf6 Qxh3 57. Rxd5 Qf3+ 58. Ke6 Qb3 59. Kd6 e3 60. Bc3 e2 61. Rf5+ Kg8 62. Re5 Qc4 63. Ke7 Kh7 64.
Kf6 Qf4+ 65. Ke6 Kg6 66. Kd5 Kf7 67. Re4 Qf3 68. Kd4 Kf6 69. Re3 Qf1 70. Kd3+ Kf5 71. Rxe2 Kf4 72. Kd2 Kf3 73.
Re5 Qc4 74. Re3+ Kf2 75. Re5 Qb3 76. Re4 Kf3 77. Rd4 Qe6 78. Kc2 Qg6+ 79. Kc1 Ke2 80. Rd2+ Ke3 81. Rd4 Qg1+ 82. Kc2 Qg2+ 83.
Rd2 Qe4+ 84. Kc1 Qh1+ 85. Rd1 Qh7 86. Rd2 Qg6 87. Rd1 Qf5 88. Rd2 Qf4 89. Rd1 Ke2+ 90. Rd2+ Ke1 91. Kc2 Qf5+ 92.
Kc1 Qf4 93. Kc2 Qe4+ 94. Kc1 Qe3 95. Kc2 Qe4+ 96. Kc1 Qe3 1/2-1/2

[Event "Schack-SM 2023: Junior-SM"]
[Site "Helsingborg Arena, Mellersta Stenbocksgatan 14, Helsingborg, Sweden"]
[Date "2023.07.04"]
[Round "4.2"]
[White "Dingertz, Erik"]
[Black "Wernberg, Hugo"]
[Result "1-0"]
[TimeControl "90 minutes for 40 moves + 30 minutes for the rest of the game + 30 seconds per move from move one."]
[BlackTitle "FM"]
[WhiteElo "2090"]
[BlackElo "2217"]

1. c4 e5 2. g3 Nc6 3. Bg2 g6 4. Nc3 Bg7 5. d3 d6 6. Rb1 a5 7. a3 Nge7 8. b4 axb4 9. axb4 Nd4 10.
e3 Ndf5 11. Nf3 O-O 12. O-O c6 13. d4 exd4 14. exd4 c5 15. Nb5 cxb4 16. Bf4 d5 17. g4 Nh6 18. h3 f5 19. g5 Nf7 20.
Qb3 dxc4 21. Qxc4 Nd5 22. Bc7 Nxc7 23. Nxc7 Rb8 24. Ne5 Bxe5 25. dxe5 Qxg5 26. f4 Qe7 27. Nd5 Qe6 28. Qc7 Ra8 29.
Nf6+ Kg7 30. Bd5 Qa6 31. Ne8+ Kh8 32. Qe7 1-0

[Event "Schack-SM 2023: Mastarklassen"]
[Site "Helsingborg Arena, Mellersta Stenbocksgatan 14, Helsingborg, Sweden"]
[Date "2023.07.04"]
[Round "4.9"]
[White "Persson, Lars 1971"]
[Black "Carlstrom, Niklas"]
[Result "1-0"]
[TimeControl "90 minutes for 40 moves + 30 minutes for the rest of games + 30 seconds per move from move one."]
[WhiteElo "1941"]
[BlackElo "2125"]

1. d4 e6 2. c4 f5 3. g3 Nf6 4. Bg2 Be7 5. Nh3 O-O 6. O-O d6 7. Nf4 c6 8. d5 e5 9. dxc6 bxc6 10.
Nd5 Nxd5 11. Bxd5+ Kh8 12. Bg2 Qc7 13. Qa4 Bb7 14. Nc3 Nd7 15. b4 a5 16. b5 Nb6 17. Qb3 a4 18. Qb4 c5 19.
Qb1 Bxg2 20. Kxg2 Qb7+ 21. f3 Nxc4 22. Rd1 e4 23. Qc2 Bf6 24. Rb1 Nb6 25. Rxd6 exf3+ 26. exf3 Rae8 27. Rd2 Bxc3 28.
Qxc3 Nd5 29. Qxc5 Ne3+ 30. Kf2 Ng4+ 31. Kg2 f4 32. Qc6 Qe7 33. Bb2 Ne3+ 34. Kf2 fxg3+ 35. hxg3 Nf5 36. Qc3 Qg5 37.
Rg1 Re3 38. Qb4 Ne7 39. f4 Re6 40. Rd8 Qf5 41. Qc3 Rg6 42. Rgd1 h6 43. Rxf8+ Qxf8 44. Ba3 Qf7 45. Bxe7 Qxe7 46.
Qc8+ Kh7 47. Rd8 Re6 48. Rh8+ Kg6 49. Qc2+ Kf7 50. Qc4 Qf6 51. Kg2 Kg6 52. Qd3+ Qf5 53. Qxf5+ Kxf5 54. Kf3 Rb6 55.
g4+ Kf6 56. Rf8+ Ke7 57. Rf5 Rd6 58. Ke3 Rg6 59. g5 Rd6 60. Re5+ Kd7 61. Re4 Kc7 62. Rxa4 hxg5 63. fxg5 Rd5 64.
Rc4+ Kb6 65. a4 Rxg5 66. Rc6+ Kb7 67. Kd3 Rg4 68. Rc4 Rg1 69. Kd4 Kb6 70. Rc6+ Ka5 71. Ra6+ Kb4 72. b6 Rd1 73.
Ke5 Kc5 74. a5 Re1 75. Kf5 Kc6 76. Ra7 Rb1 77. Rc7+ Kd6 78. Ra7 Kc6 79. Kg6 Rg1 80. Kf7 Rb1 81. Kxg7 Rb2 82. Kf6 Rb1 83.
Ke5 Rd1 84. Rc7+ Kb5 85. b7 Re1 86. Kf4 1-0

[Event "Schack-SM 2023: Veteran-SM 65+"]
[Site "Helsingborg Arena, Mellersta Stenbocksgatan 14, Helsingborg, Sweden"]
[Date "2023.07.04"]
[Round "4.1"]
[White "Soderberg, Per"]
[Black "Malmdin, Nils-Ake"]
[Result "1/2-1/2"]
[TimeControl "90 minutes for 40 moves + 30 minutes for the rest of games + 30 seconds per move from move one."]
[WhiteTitle "CM"]
[BlackTitle "FM"]
[WhiteElo "2111"]
[BlackElo "2091"]

1. e4 d5 2. exd5 Nf6 3. d4 Nxd5 4. c4 Nb6 5. Nf3 g6 6. Be2 Bg7 7. O-O O-O 8. h3 Nc6 9. c5 Nd5 10.
Nc3 h6 11. Qb3 e6 12. Rd1 a6 13. a3 Kh7 14. Qc2 b5 15. cxb6 cxb6 16. Nxd5 Qxd5 17. Bc4 Qd6 18. Qe4 Bb7 19.
Bf4 Qd8 20. Qe3 Ne7 21. Be5 Nd5 22. Bxd5 Qxd5 23. Bxg7 Kxg7 24. Rac1 Rac8 25. Qe5+ Kg8 26. Qf6 Qd8 27. Qf4 Rxc1 28.
Rxc1 Bxf3 29. gxf3 Qd5 30. Rc7 Qb3 31. Qxh6 Qxf3 32. Qe3 1/2-1/2

[Event "Schack-SM 2023: Veteran-SM 50+"]
[Site "Helsingborg Arena, Mellersta Stenbocksgatan 14, Helsingborg, Sweden"]
[Date "2023.07.04"]
[Round "4.1"]
[White "Wahlund, Max"]
[Black "Moborn, Anders"]
[Result "1-0"]
[TimeControl "90 minutes for 40 moves + 30 minutes for the rest of games + 30 seconds per move from move one."]
[WhiteTitle "CM"]
[WhiteElo "2002"]
[BlackElo "1956"]

1. e4 e6 2. d4 d5 3. Nc3 Bb4 4. Bd2 dxe4 5. Qg4 Nf6 6. Qxg7 Rg8 7. Qh6 c5 8. dxc5 Bxc5 9. O-O-O Rg6 10.
Qh4 Rg4 11. Qh3 Qe7 12. f3 exf3 13. Nxf3 Nc6 14. Bg5 Rxg5 15. Nxg5 e5 16. Qh4 Be3+ 17. Kb1 Ng4 18. Qxh7 Bxg5 19.
Nd5 Qf8 20. Nc7+ Ke7 21. Nd5+ Kd6 22. Nb6+ Nd4 23. Nxc8+ Qxc8 24. Bd3 Nf2 25. Qxf7 Be3 26. Rhf1 Qd7 27. Rxf2 Bxf2 28. Qxf2 Qg4 29.
Be2 Qe4 30. Bf3 Qf4 31. c3 Qf5+ 32.
Ka1 Rc8 33. cxd4 Qd3 34. dxe5+ Ke7 35. Qh4+ 1-0

[Event "Schack-SM 2023: Sverigemastarklassen"]
[Site "Helsingborg Arena, Mellersta Stenbocksgatan 14, Helsingborg, Sweden"]
[Date "2023.07.04"]
[Round "4.1"]
[White "Hector, Jonny"]
[Black "Kucuksari, Kaan"]
[Result "1-0"]
[TimeControl "90 minutes for 40 moves + 30 minutes for the rest of the game + 30 seconds per move from move one."]
[WhiteTitle "GM"]
[BlackTitle "IM"]
[WhiteElo "2481"]
[BlackElo "2512"]

1. e4 c5 2. Nf3 d6 3. d4 cxd4 4. Nxd4 Nf6 5. Nc3 a6 6. Bg5 Nbd7 7. f4 Qc7 8. Qf3 h6 9. Bxf6 Nxf6 10.
f5 Qc5 11. Nb3 Qe5 12. Bd3 g5 13. O-O Bd7 14. Nd5 Nxd5 15. exd5 Qxb2 16. f6 Qxf6 17. Qh5 Qc3 18. Qxf7+ Kd8 19.
Rae1 Kc7 20. Re4 b5 21. a4 h5 22. Nd4 Kb6 23. Rb1 Rh6 24. Qf2 Qc5 25. axb5 a5 26. Kh1 Bg7 27. c3 Be5 28.
Qe2 a4 29. Nc6 Bg4 30. Nxe5 dxe5 31. Qa2 a3 32. Rc4 Qe3 33. Rc6+ Rxc6 34. bxc6+ Kc7 35. Bf1 Bf5 36. d6+ Kxc6 37.
Bb5+ Kb6 38. Bd3+ Kc6 39. Bxf5 Kxd6 1-0

[Event "Schack-SM 2023: Junior-SM"]
[Site "Helsingborg Arena, Mellersta Stenbocksgatan 14, Helsingborg, Sweden"]
[Date "2023.07.04"]
[Round "4.3"]
[White "Carlsson, Ludvig"]
[Black "Seo, Jung Hyun"]
[Result "1-0"]
[TimeControl "90 minutes for 40 moves + 30 minutes for the rest of the game + 30 seconds per move from move one."]
[WhiteTitle "IM"]
[WhiteElo "2373"]
[BlackElo "2124"]

1. d4 d5 2. c4 e6 3. Nc3 Nf6 4. cxd5 exd5 5. Bg5 c6 6. e3 Be7 7. Bd3 Nbd7 8. h3 h6 9. Bf4 Nb6 10.
Nf3 Be6 11. Qc2 Bd6 12. O-O O-O 13. Ne5 Qc7 14. b3 Rac8 15. Bh2 a6 16. b4 Nc4 17. Bxc4 dxc4 18. f4 Qe7 19. f5 Bd7 20.
a3 b5 21. e4 a5 22. Kh1 axb4 23. axb4 Bxb4 24. Ra7 Bxc3 25. Qxc3 Ra8 26. Qa1 Rxa7 27. Qxa7 c3 28. Re1 Qb4 29.
Nxd7 Nxd7 30. Qxd7 c2 31. Rg1 Qd2 32. Qxc6 b4 33.
d5 b3 34. Be5 Rb8 35. Bb2 Qd1 36. d6 Qb1 37. Qc3 f6 38. e5 Kh7 39. exf6 c1=Q 40. Rxc1 Qxf5 41. fxg7 Qd5 42. Qe5 Qd3 43.
g8=B+ Rxg8 44. Qe7+ Kg6 45. Qf6+ Kh5 46. Rc5+ Rg5 47. Qf7+ Kh4 48. Qf4+ Kh5 49. Qg4+ Kg6 50. Qe6+ Kh5 51.
Qe8+ Kh4 52. Qe1+ Kh5 53. g4+ Kg6 54. Qe8+ Kh7 55. Qh8+ Kg6 56. Qg8# 1-0

[Event "Schack-SM 2023: Veteran-SM 65+"]
[Site "Helsingborg Arena, Mellersta Stenbocksgatan 14, Helsingborg, Sweden"]
[Date "2023.07.04"]
[Round "4.2"]
[White "Ivarsson, Torbjorn"]
[Black "Blomstrom, Lars"]
[Result "1-0"]
[TimeControl "90 minutes for 40 moves + 30 minutes for the rest of games + 30 seconds per move from move one."]
[WhiteElo "2073"]
[BlackElo "2021"]

1. d4 Nf6 2. Nc3 g6 3. e4 d6 4. Nf3 Bg7 5. Be2 c6 6. a4 a5 7. O-O O-O 8. Bf4 Na6 9. Qd2 Nb4 10.
Rac1 d5 11. e5 Ne8 12. Bh6 f6 13. h3 g5 14. Bxg7 Nxg7 15. Nd1 h6 16. c3 Na6 17. exf6 exf6 18. Ne3 Nf5 19. Qc2 Qd7 20.
Nxf5 Qxf5 21. Bd3 Qd7 22. Rce1 Qf7 23. Re3 b6 24. Rfe1 f5 25. Re7 Qf6 26. R1e5 Nb8 27. Qd2 Bd7 28.
g4 fxg4 29. Nxg5 Qf4 30. Qxf4 Rxf4 31. Ne6 Rf3 32. Be2 Rxh3 33. Bxg4 Rd3 34. Nf4 Bxg4 35. Re8+ Kg7 36. Nxd3 Kf6 37.
Rf8+ 1-0

[Event "Schack-SM 2023: Veteran-SM 50+"]
[Site "Helsingborg Arena, Mellersta Stenbocksgatan 14, Helsingborg, Sweden"]
[Date "2023.07.04"]
[Round "4.2"]
[White "Eriksson, Bengt"]
[Black "Karlsson, Ulf"]
[Result "1/2-1/2"]
[TimeControl "90 minutes for 40 moves + 30 minutes for the rest of games + 30 seconds per move from move one."]
[WhiteElo "2016"]
[BlackElo "1968"]

1. d4 d5 2. Bg5 h6 3. Bh4 c6 4. Nf3 Qb6 5. b3 Bf5 6. e3 Nd7 7. Bd3 Bxd3 8. Qxd3 Ngf6 9. O-O e6 10.
c4 Be7 11. Nc3 Qd8 12. Rfe1 O-O 13. h3 Re8 14. Bg3 Bb4 15. cxd5 exd5 16. Nd2 Qa5 17. Rec1 Bxc3 18. Qxc3 Qxc3 19. Rxc3 Ne4 20. Nxe4 Rxe4 21.
b4 a6 22. a4 Re6 23. a5 1/2-1/2

[Event "Schack-SM 2023: Sverigemastarklassen"]
[Site "Helsingborg Arena, Mellersta Stenbocksgatan 14, Helsingborg, Sweden"]
[Date "2023.07.04"]
[Round "4.2"]
[White "Ernst, Thomas"]
[Black "Sivuk, Vitaly"]
[Result "1/2-1/2"]
[TimeControl "90 minutes for 40 moves + 30 minutes for the rest of the game + 30 seconds per move from move one."]
[WhiteTitle "GM"]
[BlackTitle "GM"]
[WhiteElo "2288"]
[BlackElo "2432"]

1. e4 c5 2. Nf3 d6 3. d4 cxd4 4. Nxd4 Nf6 5. Nc3 a6 6. Bg5 Nbd7 7. f4 Qc7 8. Qf3 h6 9. Bxf6 Nxf6 10.
f5 Qc5 11. Nb3 Qe5 12. Nd2 Bd7 13. Nc4 Qc5 14. O-O-O Rc8 15. Bd3 Bc6 16. Rhe1 Nd7 17. Kb1 b5 18. Ne3 Ne5 19. Qh3 Bd7 20.
Ncd5 g6 21. Qh4 Rg8 22. Ng4 g5 23. Qh3 Nxg4 24. Qxg4 Bg7 25. Qf3 Be5 26. h3 Bc6 27. c3 a5 28. f6 Rg6 29. fxe7 Bxd5 30. exd5 Rf6 31. Bf5 Rc7 32.
Re4 Rxe7 33. g4 Kf8 34. Qe3 Qxe3 35. Rxe3 h5 36. Re4 hxg4 37. hxg4 Rh6 38. Rd2 f6 39. a4 Rh1+ 40. Ka2 Rb7 41.
axb5 Rxb5 42. Rc4 Ke7 43. Rc7+ Kd8 1/2-1/2

[Event "Schack-SM 2023: Mastarklassen-elit"]
[Site "Helsingborg Arena, Mellersta Stenbocksgatan 14, Helsingborg, Sweden"]
[Date "2023.07.04"]
[Round "4.1"]
[White "Torngren, Gustav"]
[Black "Soderstrom, Adrian"]
[Result "1-0"]
[TimeControl "90 minutes for 40 moves + 30 minutes for the rest of games + 30 seconds per move from move one."]
[WhiteTitle "FM"]
[BlackTitle "FM"]
[WhiteElo "2297"]
[BlackElo "2311"]

1. d4 d5 2. c4 c6 3. Nf3 Nf6 4. Nc3 dxc4 5. a4 Bg4 6. Ne5 Bh5 7. h4 Nbd7 8. f3 Nxe5 9. dxe5 Qc7 10.
Qd4 Rd8 11. Qxc4 Qxe5 12. Bf4 Qd4 13. Qxd4 Rxd4 14. e4 h6 15. Be3 Rd8 16. g4 Bg6 17. h5 Bh7 18. Bc4 Nd7 19. O-O-O e6 20.
Bxa7 Ra8 21. Nb5 Rxa7 22. Nxa7 Kd8 23. Nb5 Bc5 24. Nd6 Ke7 25. Nxb7 Be3+ 26. Kb1 Ne5 27. Be2 f5 28. gxf5 exf5 29.
Nd6 fxe4 30. fxe4 Ra8 31. b3 Bg5 32. Nf5+ Kf8 33. Kc2 Bf6 34. Ra1 c5 35. Bb5 Nf3 36. Raf1 Nd4+ 37. Kd3 Rd8 38.
Nxd4 Rxd4+ 39. Ke3 Bxe4 40. Rh4 Bg2 41. Rxf6+ gxf6 42. Rxd4 cxd4+ 43. Kxd4 Ke7 44. Bd3 Kd6 45. a5 Kc7 46.
b4 Bf3 47. Be4 Bxh5 48. Kc5 f5 49. Bc6 f4 50. a6 f3 51. a7 f2 52. a8=Q f1=Q 53. Qb7+ Kd8 54. Qd7# 1-0

[Event "Schack-SM 2023: Junior-SM"]
[Site "Helsingborg Arena, Mellersta Stenbocksgatan 14, Helsingborg, Sweden"]
[Date "2023.07.04"]
[Round "4.4"]
[White "Strom-Engdahl, Alexander"]
[Black "Ostlund, Joar"]
[Result "1-0"]
[TimeControl "90 minutes for 40 moves + 30 minutes for the rest of the game + 30 seconds per move from move one."]
[BlackTitle "CM"]
[WhiteElo "2120"]
[BlackElo "2265"]

1. e4 e5 2. Nf3 Nc6 3. Bc4 Bc5 4. c3 Nf6 5. d3 d6 6. O-O a6 7. a4 Ba7 8. Re1 h6 9. Nbd2 Be6 10.
Bxe6 fxe6 11. Nf1 a5 12. d4 exd4 13. cxd4 Qd7 14. Ng3 O-O 15. h3 Qf7 16. Be3 d5 17. Ne5 Nxe5 18. dxe5 Nxe4 19.
Nxe4 Bxe3 20. Rxe3 dxe4 21. Qe2 Rad8 22. Rxe4 Rd5 23. Ra3 Qe7 24. f4 Rfd8 25. Rb3 Qc5+ 26. Kh2 Rd2 27. Qg4 Qd5 28.
Rg3 Qd7 29. Qg6 Rxb2 30. Rd4 1-0

[Event "Schack-SM 2023: Veteran-SM 65+"]
[Site "Helsingborg Arena, Mellersta Stenbocksgatan 14, Helsingborg, Sweden"]
[Date "2023.07.04"]
[Round "4.3"]
[White "Holst, Conny"]
[Black "Carlsson, Ingvar"]
[Result "1/2-1/2"]
[TimeControl "90 minutes for 40 moves + 30 minutes for the rest of games + 30 seconds per move from move one."]
[WhiteTitle "FM"]
[WhiteElo "2156"]
[BlackElo "1998"]

1. d4 Nf6 2. c4 g6 3. Nc3 d5 4. cxd5 Nxd5 5. e4 Nxc3 6. bxc3 Bg7 7. Nf3 c5 8. Be3 Bg4 9. Be2 Nc6 10.
e5 O-O 11. O-O cxd4 12. cxd4 Be6 13. Qd2 Qa5 14. Qxa5 Nxa5 15. Rfc1 Rfc8 16. Nd2 Bd5 17. Bf3 Bxf3 18. gxf3 e6 19.
Ne4 Nc4 20. Nd6 Nxd6 21. exd6 Rd8 22. Rc7 Rxd6 23. Rxb7 Bxd4 24. Rd1 e5 25. f4 a5 26. fxe5 Bxe5 27. Rxd6 Bxd6 28. a4 Bb4 1/2-1/2

[Event "Schack-SM 2023: Veteran-SM 50+"]
[Site "Helsingborg Arena, Mellersta Stenbocksgatan 14, Helsingborg, Sweden"]
[Date "2023.07.04"]
[Round "4.3"]
[White "Andersson, Bjorn 1961"]
[Black "Petersson, Kjell"]
[Result "0-1"]
[TimeControl "90 minutes for 40 moves + 30 minutes for the rest of games + 30 seconds per move from move one."]
[BlackTitle "CM"]
[WhiteElo "1791"]
[BlackElo "2061"]

1. d4 f5 2. Nf3 Nf6 3. c4 e6 4. a3 a5 5. Nc3 Be7 6. g3 d5 7. Bg2 c6 8. Ne5 Nbd7 9. O-O Nxe5 10.
dxe5 Ng4 11. cxd5 exd5 12. Bf4 g5 13. h3 gxf4 14. hxg4 fxg3 15. Qd3 f4 16. Rfd1 gxf2+ 17. Kf1 Be6 18.
e4 fxe3 19. Qxe3 Bg5 20. Qd4 O-O 21. Ne2 Qd7 22. Nc3 Rf4 23. Qc5 Rxg4 24. Bf3 Rf4 25. Bg2 Bh3 26. Rd3 Bxg2+ 27. Kxg2 Qf5 28.
Rdd1 f1=Q+ 29. Rxf1 Rg4+ 30. Kh1 Bf4 31. Rxf4 Qh5# 0-1

[Event "Schack-SM 2023: Sverigemastarklassen"]
[Site "Helsingborg Arena, Mellersta Stenbocksgatan 14, Helsingborg, Sweden"]
[Date "2023.07.04"]
[Round "4.3"]
[White "Olsson, William"]
[Black "Johansson, Linus"]
[Result "1-0"]
[TimeControl "90 minutes for 40 moves + 30 minutes for the rest of the game + 30 seconds per move from move one."]
[WhiteTitle "FM"]
[BlackTitle "IM"]
[WhiteElo "2383"]
[BlackElo "2466"]

1. c4 g6 2. g3 Bg7 3. Bg2 Nc6 4. Nc3 e5 5. Nf3 d6 6. Rb1 f5 7. d3 Nf6 8. b4 O-O 9. b5 Ne7 10.
Qb3 h6 11. c5+ Kh8 12. cxd6 cxd6 13. O-O Nd7 14. Ba3 Nc5 15. Bxc5 dxc5 16. Na4 Qd6 17. Qc2 Bd7 18. Qxc5 Qe6 19.
Qb4 b6 20. Nc3 Rac8 21. Rbc1 Rc5 22. Nd2 Rfc8 23. Nb3 R5c7 24. e4 Bf8 25. Ne2 Ng8 26. exf5 gxf5 27. Qa4 a5 28. Rxc7 Rxc7 29.
Rc1 Rxc1+ 30. Nbxc1 Nf6 31. Bc6 Bc8 32. d4 e4 33. Nf4 Qf7 34. Qb3 Kg7 35. d5 Bd6 36. Nce2 Qe7 37. Qc3 Kf7 38.
Kg2 Qe5 39. h3 Nd7 40. Ne6 Qxc3 41. Nxc3 Nc5 42. Nxc5 Bxc5 43. f3 exf3+ 44. Kxf3 Kf6 45. Nd1 Ke5 46. Nb2 Kf6 47. Nc4 Ke7 48.
Kf4 Bf2 49. a4 Bd4 50. h4 Bf2 51. h5 Bd4 52. d6+ Ke6 53. d7 Bxd7 54. Bxd7+ Kxd7 55. Kxf5 Bf2 56. g4 Bd4 57. Kg6 Ke6 58.
Kxh6 Kd5 59. Nxb6+ 1-0